 Dungeon Crawl Stone Soup version 0.21.0-3-g78d12a8bdd (console) character file.

275913 Kloppie the Slayer (level 19, -27/173 HPs)
             Began as a Minotaur Berserker on Jan 12, 2018.
             Was the Champion of Trog.
             Killed from afar by an ancient lich (57 damage)
             ... with a bolt of acid
             ... on level 5 of the Vaults.
             The game lasted 01:08:30 (37034 turns).

Kloppie the Slayer (Minotaur Berserker)            Turns: 37034, Time: 01:08:31

Health: -27/173    AC: 34    Str: 31    XL:     19   Next: 56%
Magic:  0/18       EV: 18    Int:  7    God:    Trog [******]
Gold:   2550       SH:  8    Dex: 15    Spells: 18/18 levels left

rFire    . . .     SeeInvis .   a - +8 demon blade (flame)
rCold    + . .     Gourm    .   T - +3 warlock's mirror {reflect}
rNeg     + + +     Faith    .   u - +5 plate armour "Feigenu" {MR++}
rPois    +         Spirit   +   (helmet unavailable)
rElec    .         Reflect  +   U - +2 cloak {+Inv}
rCorr    .         Harm     .   H - +1 pair of gloves
MR       +++++                  i - +1 pair of boots
Stlth    ..........             t - amulet of guardian spirit
HPRegen  1.38/turn              D - ring "Bucoiv" {rC- rN+++ Int+3 Slay+4}
MPRegen  0.16/turn              N - ring "Diak" {rPois rC+ Str+6}

@: regenerating
A: retaliatory headbutt, horns 3, cold resistance 1, frail 1, mutation
resistance 1
}: 2/15 runes: decaying, gossamer
a: Berserk, Trog's Hand, Brothers in Arms, Burn Spellbooks, Renounce Religion,
Evoke Invisibility


You were on level 5 of the Vaults.
You worshipped Trog.
Trog was exalted by your worship.
You were not hungry.

You visited 6 branches of the dungeon, and saw 34 of its levels.
You visited the Abyss 2 times.
You also visited: Sewer and Ice Cave.

You collected 3931 gold pieces.
You spent 1381 gold pieces at shops.

Inventory:

Hand Weapons
 a - a +8 demon blade of flaming (weapon)
 b - a +1 double sword of flaming
 E - a +0 demon blade of draining
 J - a +2 demon whip of venom
Armour
 i - a +1 pair of boots (worn)
 p - a +2 hat
 u - the +5 plate armour "Feigenu" (worn) {MR++}
   (You found it on level 1 of the Swamp)

   It affects your resistance to hostile enchantments.
 H - a +1 pair of gloves (worn)
 T - the +3 warlock's mirror (worn) {reflect}
   (You found it on level 13 of the Dungeon)
 U - a +2 cloak of invisibility (worn)
Jewellery
 f - an uncursed ring of resist corrosion
 g - an uncursed ring of protection from cold
 h - a +5 ring of protection
 l - an uncursed ring of positive energy
 s - a +3 amulet of reflection
 t - an amulet of guardian spirit (around neck)
 w - a cursed amulet of inaccuracy {unknown}
 y - an uncursed ring of protection from magic
 D - the ring "Bucoiv" (left hand) {rC- rN+++ Int+3 Slay+4}
   (You found it on level 4 of the Swamp)

   [ring of intelligence]

   It affects your intelligence (+3).
   It affects your accuracy and damage with ranged weapons and melee attacks
   (+4).
   It makes you vulnerable to cold.
   It renders you almost immune to negative energy.
 G - an uncursed ring of protection from fire
 N - the ring "Diak" (right hand) {rPois rC+ Str+6}
   (You found it on level 5 of the Lair of Beasts)

   [ring of protection from cold]

   It affects your strength (+6).
   It protects you from cold.
   It protects you from poison.
 Q - an uncursed ring of flight
Wands
 k - a wand of paralysis (9)
 v - a wand of disintegration (9)
 B - a wand of iceblast (8)
Scrolls
 d - 7 scrolls of teleportation
 m - 15 scrolls of remove curse
 o - 7 scrolls of identify
 q - a scroll of fear
 A - a scroll of magic mapping
 C - 2 scrolls of fog
 L - 4 scrolls of enchant armour
 M - a scroll of acquirement
 S - 5 scrolls of blinking
Potions
 e - 3 potions of curing
 j - 5 potions of ambrosia
 n - 2 potions of invisibility
 r - 2 potions of resistance
 x - 3 potions of heal wounds
 z - 2 potions of haste
 F - 3 potions of agility
 I - a potion of might
 K - 2 potions of flight
 O - a potion of magic
Comestibles
 c - 37 rations


   Skills:
 + Level 22.3 Fighting
 - Level 16.0 Long Blades
 - Level 14.0 Maces & Flails
 + Level 21.5 Armour
 - Level 15.0 Dodging
 - Level 4.2 Shields


You had 18 spell levels left.
You didn't know any spells.

Dungeon Overview and Level Annotations

Branches:
Dungeon (13/15)            Temple (0/1) D:5            Lair (6/6) D:11
  Swamp (4/4) Lair:4       Spider (4/4) Lair:2        Slime (0/5) Lair:6
    Orc (2/2) D:9             Elf (0/3) Orc:2        Vaults (5/5) D:13
  Crypt: Vaults:2-3

Altars:
Ashenzari
Cheibriados
Dithmenos
Fedhas
Kikubaaqudgha
Makhleb
Okawaru
Uskayaw
Wu Jian
The Shining One

Shops:
D:7 [   D:12 ?   Orc:1 !   Orc:2 *}=*

Portals:
Hell: Lair:6

Annotations:
D:5 2 transporters
Lair:4 exclusion: 2 oklob plants
Lair:5 exclusion: 2 oklob plants


Innate Abilities, Weirdness & Mutations

You reflexively headbutt those who attack you in melee.
You have a pair of large horns on your head.
Your flesh is cold resistant. (rC+)
You are frail. (-10% HP)
You are somewhat resistant to further mutation.


Message History

You slice the ancient lich!! You burn the ancient lich.
You headbutt the ancient lich!
The ancient lich is severely damaged.
The ancient lich casts a spell at you. The bolt of acid hits you!
* * * LOW HITPOINT WARNING * * *
You are splashed with acid!
The acid burns!
* * * LOW HITPOINT WARNING * * *
The ironheart preserver barely misses you.
The vault warden unwields an uncursed hunting sling of flaming.
It stops flaming.
The vault warden wields an uncursed war axe.
The vault warden closely misses you.
You hear a shout!
Your cyclops goes berserk!
You feel quite a bit more hungry.
The elephant changes into an eye of devastation!
The ancient lich casts a spell at you. The bolt of acid hits you!
You die...

.........(#....#..#
##..####..#....#...#
. #.....#....#....#
#.....#....#......
#..#..#....# ###..
#..#..# ..# #..#..#
#..####(.#
#...DL@(.#
#....pCp.#
#.G####..# #. #..#
...# ...# #..# #..#


You could see an iron dragon, an ironheart preserver, an ancient lich, a vault
warden, an eye of devastation shaped shifter and a friendly cyclops (berserk).

Vanquished Creatures
  the Lernaean hydra (Swamp:4)
  Nikola (Swamp:2)
  A golden dragon (Vaults:5)
  Jorgrun (Swamp:2)
  Rupert (D:11)
  2 titans (Vaults:5)
  Gastronok (Orc:1)
  Kirke (D:12)
  2 tengu reavers (Vaults:4)
  A thorn hunter (Swamp:4)
  A storm dragon (D:10)
  A fire giant (Vaults:4)
  3 frost giants
  5 vault wardens
  5 emperor scorpions
  A draconian scorcher (Abyss:2)
  A ghost moth (Spider:4)
  A balrug (Abyss:2)
  A war gargoyle (Vaults:4)
  7 ironheart preservers
  An entropy weaver (Spider:2)
  4 stone giants
  A black draconian (Abyss:2)
  2 spark wasps (Spider:4)
  2 ettins
  A crystal guardian (Vaults:5)
  A fire dragon (Vaults:2)
  3 ogre magi
  A fire dragon (shapeshifter) (Vaults:1)
  3 great orbs of eyes
  4 yaktaur captains
  22 hydras
  Erolcha (D:9)
  3 ice dragons
  31 vault guards
  The ghost of ontamu the Destroyer, a journeyman DEFE of Sif Muna (Lair:2)
  A quicksilver dragon skeleton (Abyss:2)
  2 ghost crabs
  4 centaur warriors
  Erica (D:10)
  A dancing weapon (Vaults:5)
  A death knight (Vaults:3)
  7 alligators
  2 deep troll shamans (Vaults:1)
  6 death scarabs (Spider:4)
  Urug (D:11)
  13 two-headed ogres
  6 orc high priests (Orc:2)
  2 death yaks
  2 thrashing horrors (Abyss:2)
  3 wretched stars (Abyss:2)
  Nergalle (D:11)
  A spectral emperor scorpion (Spider:4)
  2 sixfirhies
  A shadow wraith (Vaults:3)
  3 unseen horrors
  A glowing orange brain (Abyss:2)
  2 deep trolls (Vaults:1)
  2 spriggan druids (Swamp:4)
  9 swamp dragons
  A deep elf archer (Vaults:1)
  A flayed ghost (Vaults:3)
  A quicksilver dragon simulacrum (Abyss:2)
  3 shambling mangroves
  12 wizards
  3 spectral wolf spiders (Spider:4)
  8 ironbrand convokers
  A phantasmal warrior (Vaults:3)
  6 large abominations (Abyss:2)
  5 lindwurms (Lair:5)
  8 orc knights
  2 wolf spider zombies
  16 ugly things
  2 orc sorcerers
  4 oklob plants (Lair:6)
  12 orb spiders
  3 deep elf magi
  12 wolf spiders
  7 cyclopes
  A manticore (Lair:5)
  10 elephants
  4 moths of wrath
  The ghost of Kublaii the Ruffian, a novice TrHu of Okawaru (D:5)
  2 black mambas
  Maurice (D:9)
  2 ice statues (IceCv)
  2 smoke demons (Abyss:2)
  3 torpor snails (Lair:6)
  19 spiny frogs
  4 rime drakes
  7 vault sentinels
  6 spectral redbacks (Spider:4)
  2 gargoyles (D:10)
  A redback zombie (Spider:4)
  5 komodo dragons
  A kobold demonologist (D:10)
  8 demonic crawlers
  2 hellwings
  5 freezing wraiths
  14 yaktaurs
  4 ancient zymes (Abyss:2)
  23 jumping spiders
  2 polar bears
  3 trolls
  3 meliai (Lair:5)
  A queen bee (Lair:5)
  A red devil (Lair:6)
  The ghost of puimuR the Chopper, an amateur HOMo (D:7)
  2 tyrant leeches (Swamp:1)
  4 spectral tarantellas (Spider:4)
  13 hornets
  A blink frog (Lair:5)
  5 bog bodies
  3 spectral jumping spiders (Spider:4)
  A raiju (Abyss:2)
  8 slime creatures
  A jumping spider zombie (Spider:4)
  14 dream sheep (Lair:6)
  13 hippogriffs
  A flying skull (Abyss:2)
  2 shadows
  9 spriggans
  5 wraiths
  26 yaks
  36 redbacks
  3 ynoxinuls (Abyss:2)
  14 tarantellas
  4 wyverns
  An air elemental (Abyss:2)
  A human (D:9)
  4 fire bats (Orc:2)
  2 basilisks
  4 golden eyes (Abyss:2)
  4 hogs
  12 vampire mosquitoes
  A chaos spawn (Abyss:2)
  2 steam dragons
  A hungry ghost (D:10)
  A neqoxec (Abyss:2)
  Menkaure (D:6)
  A soldier ant (D:11)
  A warg (Vaults:1)
  15 insubstantial wisps
  2 acid dragons
  9 swamp worms
  A water moccasin (shapeshifter) (Vaults:2)
  3 hell hounds (Lair:6)
  20 ice beasts
  14 water moccasins
  Purgy (Sewer)
  34 orc warriors
  13 swamp drakes
  7 porcupines
  2 black bears
  3 eyes of draining
  A starcursed mass (Abyss:2)
  2 sky beasts
  4 phantoms
  19 ogres
  A necrophage (D:11)
  12 wolves
  7 centaurs
  15 crocodiles
  9 big kobolds
  18 bullfrogs
  2 gnoll sergeants (D:9)
  A wyvern skeleton (D:8)
  39 killer bees
  An electric eel (Lair:1)
  6 small abominations (Abyss:2)
  12 crimson imps
  2 jellies
  2 centaur zombies
  2 quasits
  A bullfrog zombie (D:5)
  28 orc priests
  3 bullfrog skeletons
  13 hounds
  An iron imp (Abyss:2)
  25 orc wizards
  2 centaur skeletons
  Natasha (thrice) (D:4)
  6 iguanas
  2 hell rats (Lair:5)
  9 worker ants
  A killer bee zombie (D:9)
  2 hound zombies
  2 hound skeletons
  A worker ant zombie (D:8)
  12 gnolls
  11 adders
  2 shadow imps
  12 white imps (Orc:2)
  An ufetubus (Abyss:2)
  An adder zombie (D:5)
  2 adder skeletons
  3 worms
  3 dart slugs
  10 leopard geckos
  101 orcs
  2 ball pythons
  6 giant cockroaches
  7 goblins (D:1)
  6 hobgoblins
  12 jackals
  30 kobolds
  6 quokkas
  6 bats
  9 frilled lizards
  22 rats
  2 briar patches (Swamp:4)
  2 bushes (Lair:6)
  A plant (Lair:6)
  A starspawn tentacle (Abyss:2)
1287 creatures vanquished.

Vanquished Creatures (collateral kills)
  A tentacled starspawn (Abyss:2)
  A vault warden (Vaults:1)
  A vault guard (Vaults:1)
  2 death scarabs (Spider:4)
  2 starcursed masses (Abyss:2)
  3 orc knights (Orc:2)
  A wizard (Lair:6)
  A spectral wolf spider (Spider:4)
  An orb spider (Spider:1)
  A smoke demon (Abyss:2)
  2 orange demons (Lair:6)
  A spectral redback (Spider:4)
  2 ice devils (Lair:6)
  2 jumping spiders (Spider:1)
  A large abomination (Abyss:2)
  2 golden eyes (Abyss:2)
  2 hell hounds (Lair:6)
  3 orc warriors (Orc:2)
  A small abomination (Abyss:2)
  An orc priest (Orc:2)
  3 starspawn tentacles (Abyss:2)
34 creatures vanquished.

Vanquished Creatures (others)
  An alligator (Swamp:2)
  An orb spider (Spider:1)
  A rime drake (IceCv)
  5 yaktaurs
  A jumping spider (Spider:1)
  2 killer bees (Lair:5)
  4 briar patches (Swamp:4)
  A bush (Lair:5)
  13 fungi
  27 plants
  2 starspawn tentacles (Abyss:2)
58 creatures vanquished.

Grand Total: 1379 creatures vanquished

Notes
Turn   | Place    | Note
-------+----------+-------------------------------------------
     0 | D:1      | Kloppie the Minotaur Berserker began the quest for the Orb.
     0 | D:1      | Reached XP level 1. HP: 19/19 MP: 0/0
    84 | D:1      | Reached skill level 4 in Fighting
    84 | D:1      | Reached XP level 2. HP: 19/27 MP: 1/1
   638 | D:1      | Reached XP level 3. HP: 22/34 MP: 2/2
   669 | D:1      | Reached ** piety under Trog
  1155 | D:2      | Found a faded altar of an unknown god.
  1165 | D:2      | Reached XP level 4. HP: 38/41 MP: 3/3
  1221 | D:2      | Reached skill level 5 in Fighting
  1221 | D:2      | Reached skill level 5 in Maces & Flails
  1704 | D:3      | Reached *** piety under Trog
  1708 | D:3      | Reached XP level 5. HP: 33/48 MP: 4/4
  1845 | D:3      | Found a glowing drain.
  1956 | Sewer    | Entered a sewer
  2182 | Sewer    | Noticed Purgy
  2185 | Sewer    | Killed Purgy
  2185 | Sewer    | Reached skill level 6 in Fighting
  2185 | Sewer    | Reached XP level 6. HP: 58/58 MP: 5/5
  2971 | D:4      | Noticed Natasha
  2981 | D:4      | Killed Natasha
  3002 | D:4      | Noticed Natasha
  3008 | D:4      | Killed Natasha
  3008 | D:4      | Reached skill level 7 in Fighting
  3017 | D:4      | Noticed Natasha
  3021 | D:4      | Killed Natasha
  3272 | D:4      | Reached XP level 7. HP: 61/66 MP: 6/6
  3628 | D:4      | Reached skill level 8 in Fighting
  3653 | D:4      | Reached **** piety under Trog
  4291 | D:5      | Entered Level 5 of the Dungeon
  4385 | D:5      | Found a staircase to the Ecumenical Temple.
  4447 | D:5      | Found a transporter.
  4460 | D:5      | Noticed Kublaii's ghost (novice TrHu)
  4476 | D:5      | Killed Kublaii's ghost
  4476 | D:5      | Reached XP level 8. HP: 75/75 MP: 5/7
  4666 | D:5      | Found a transporter.
  4702 | D:5      | Found a shadowy altar of Dithmenos.
  4760 | D:5      | Reached skill level 5 in Armour
  5151 | D:6      | Noticed Menkaure
  5157 | D:6      | Killed Menkaure
  5170 | D:6      | Reached skill level 10 in Maces & Flails
  5278 | D:6      | Found a shattered altar of Ashenzari.
  5838 | D:7      | Noticed puimuR's ghost (amateur HOMo)
  5849 | D:7      | Killed puimuR's ghost
  5849 | D:7      | Reached XP level 9. HP: 82/82 MP: 8/8
  6053 | D:7      | Found a hide-covered altar of Uskayaw.
  6053 | D:7      | Found an ancient bone altar of Kikubaaqudgha.
  6056 | D:7      | Reached ***** piety under Trog
  6066 | D:7      | Found a blossoming altar of Fedhas.
  6084 | D:7      | Found an ornate altar of the Wu Jian Council.
  6297 | D:7      | Found Honkia's Antique Armour Boutique.
  6776 | D:8      | Noticed a two-headed ogre
  6781 | D:8      | Killed a two-headed ogre
  6781 | D:8      | Reached skill level 10 in Armour
  6781 | D:8      | Reached XP level 10. HP: 82/89 MP: 6/9
  7665 | D:9      | Noticed Maurice
  7665 | D:9      | Noticed a centaur warrior
  7680 | D:9      | Killed a centaur warrior
  7680 | D:9      | Received a gift from Trog
  7680 | D:9      | Reached skill level 9 in Fighting
  7750 | D:9      | Killed Maurice
  7950 | D:9      | Noticed a two-headed ogre
  7963 | D:9      | Killed a two-headed ogre
  8036 | D:9      | Reached skill level 10 in Fighting
  8114 | D:9      | Noticed Erolcha
  8129 | D:9      | Killed Erolcha
  8179 | D:9      | Reached XP level 11. HP: 71/101 MP: 7/10
  8294 | D:9      | Reached skill level 11 in Fighting
  8436 | D:9      | Noticed a two-headed ogre
  8438 | D:9      | Reached skill level 12 in Fighting
  8452 | D:9      | Killed a two-headed ogre
  8692 | D:9      | Found an iron altar of Okawaru.
  8696 | D:9      | Found a burning altar of Makhleb.
  8796 | D:9      | Found a staircase to the Orcish Mines.
  8796 | D:9      | Noticed a two-headed ogre
  8819 | D:9      | Reached skill level 13 in Fighting
  8844 | D:9      | Killed a two-headed ogre
  8963 | D:10     | Entered Level 10 of the Dungeon
  9013 | D:10     | Noticed a storm dragon
  9027 | D:10     | Killed a storm dragon
  9027 | D:10     | Reached skill level 14 in Fighting
  9108 | D:10     | Got a steaming whip
  9109 | D:10     | Identified the +7 whip of the Equator {speed, Str+4 Dex+2} (You found it on level 10 of the Dungeon)
  9129 | D:10     | Noticed a centaur warrior
  9144 | D:10     | Killed a centaur warrior
  9144 | D:10     | Reached XP level 12. HP: 82/118 MP: 8/11
  9192 | D:10     | Reached skill level 15 in Fighting
  9470 | D:10     | Noticed Erica
  9479 | D:10     | Killed Erica
  9484 | D:10     | Received a gift from Trog
  9494 | D:10     | Reached skill level 16 in Fighting
 10483 | D:11     | Found a glowing golden altar of the Shining One.
 10596 | D:11     | Noticed Urug
 10618 | D:11     | Killed Urug
 10918 | D:11     | Found a staircase to the Lair.
 11066 | D:11     | Noticed Nergalle
 11088 | D:11     | Killed Nergalle
 11410 | D:11     | Found a burning altar of Makhleb.
 11419 | D:11     | Reached XP level 13. HP: 130/130 MP: 12/12
 11643 | D:11     | Identified a scroll of acquirement
 11761 | Lair:1   | Entered Level 1 of the Lair of Beasts
 12485 | Lair:2   | Received a gift from Trog
 12720 | Lair:2   | Found a hole to the Spider Nest.
 12759 | Lair:2   | Noticed ontamu's ghost (journeyman DEFE)
 12772 | Lair:2   | Killed ontamu's ghost
 13679 | Lair:3   | Reached skill level 15 in Armour
 14347 | Lair:4   | Found a staircase to the Swamp.
 15449 | Lair:5   | Reached ****** piety under Trog
 15893 | Lair:5   | Received a gift from Trog
 16310 | Lair:5   | Reached XP level 14. HP: 108/138 MP: 11/13
 16775 | Lair:5   | Reached skill level 1 in Long Blades
 17138 | Lair:5   | Identified Xaadghush's Volume of Congealing Flames
 17141 | Lair:5   | Got a transparent bronze ring
 17149 | Lair:5   | Identified the ring "Diak" {rPois rC+ Str+6} (You found it on level 5 of the Lair of Beasts)
 17153 | Lair:6   | Entered Level 6 of the Lair of Beasts
 17221 | Lair:6   | Found a snail-covered altar of Cheibriados.
 17298 | Lair:6   | Reached skill level 5 in Long Blades
 17431 | Lair:6   | Received a gift from Trog
 17949 | Lair:6   | Identified Ryuruah's Almanac of Hexes and Moulding
 18261 | Lair:6   | Cast into level 2 of the Abyss (a wizard)
 18416 | Abyss:2  | Reached skill level 10 in Long Blades
 18644 | Abyss:2  | Noticed a tentacled starspawn
 18658 | Abyss:2  | Noticed a starcursed mass
 18667 | Abyss:2  | Killed a tentacled starspawn
 18693 | Abyss:2  | Lost intelligence.
 18707 | Lair:6   | Escaped the Abyss
 18887 | Lair:6   | Found a burning altar of Makhleb.
 18896 | Lair:6   | Found a gateway to Hell.
 19030 | Lair:6   | Found a staircase to the Slime Pits.
 19711 | Orc:1    | Entered Level 1 of the Orcish Mines
 19724 | Orc:1    | Noticed Gastronok
 19735 | Orc:1    | Killed Gastronok
 19735 | Orc:1    | Reached XP level 15. HP: 125/145 MP: 10/14
 19873 | Orc:1    | Found Taric's Distillery.
 19881 | Orc:1    | Bought a potion of heal wounds for 60 gold pieces
 20021 | Orc:2    | Entered Level 2 of the Orcish Mines
 20023 | Orc:2    | Found a frozen archway.
 20039 | Orc:2    | Received a gift from Trog
 20068 | IceCv    | Entered an ice cave
 20652 | Orc:2    | Found a staircase to the Elven Halls.
 21332 | Orc:2    | Received a gift from Trog
 22047 | Orc:2    | Reached skill level 15 in Long Blades
 22093 | Orc:2    | Found Emebif's General Store.
 22096 | Orc:2    | Found Holaikel's Gadget Boutique.
 22097 | Orc:2    | Found Dauv's General Store.
 22098 | Orc:2    | Found Imiyrip's Jewellery Shop.
 22109 | Orc:2    | Bought the +6 chain mail "Ihepruez" {*Contam rElec rN+ Dex+8} for 894 gold pieces
 22286 | D:12     | Found a burning altar of Makhleb.
 22306 | D:12     | Noticed Rupert
 22307 | D:12     | Noticed Kirke
 22350 | D:11     | Killed Rupert
 22708 | D:12     | Killed Kirke
 22736 | D:12     | Got a pitted plate armour
 22737 | D:12     | Identified the +3 plate armour "Mygoonup" {+Blink} (You found it on level 12 of the Dungeon)
 22872 | D:12     | Got a clouded jade ring
 22873 | D:12     | Identified the ring "Lyam" {*Slow +Fly rElec rPois rN++} (You found it on level 12 of the Dungeon)
 23244 | D:12     | Found Vaumn's Magic Scroll Shop.
 23252 | D:12     | Bought a scroll of teleportation for 45 gold pieces
 23252 | D:12     | Bought a scroll of teleportation for 45 gold pieces
 23252 | D:12     | Bought 3 scrolls of enchant armour for 337 gold pieces
 23329 | D:13     | Found a gate to the Vaults.
 23862 | D:13     | Cast into level 2 of the Abyss (a wizard)
 23862 | Abyss:2  | Found a corrupted altar of Lugonu.
 23935 | Abyss:2  | Gained mutation: You are occasionally teleported next to monsters. [a neqoxec]
 23936 | Abyss:2  | Gained mutation: You are sometimes teleported next to monsters. [a neqoxec]
 23963 | Abyss:2  | Noticed a lich
 23976 | Abyss:2  | Noticed a Brimstone Fiend
 23976 | Abyss:2  | Paralysed by accursed screaming for 2 turns
 23987 | Abyss:2  | Paralysed by accursed screaming for 1 turns
 24096 | Abyss:2  | Found a corrupted altar of Lugonu.
 24262 | Abyss:2  | Received a gift from Trog
 24391 | Abyss:2  | Found a corrupted altar of Lugonu.
 24396 | Abyss:2  | Noticed a yellow draconian scorcher
 24407 | Abyss:2  | Killed a yellow draconian scorcher
 24407 | Abyss:2  | Reached XP level 16. HP: 82/154 MP: 13/15
 24443 | Abyss:2  | Reached skill level 17 in Fighting
 24445 | D:13     | Escaped the Abyss
 24473 | D:13     | Paralysed by a wizard for 3 turns
 24474 | D:13     | Found the +3 warlock's mirror {reflect}
 24893 | Swamp:1  | Entered Level 1 of the Swamp
 24894 | Swamp:1  | Gained mutation: You are partially covered in thin metallic scales. (AC +2) [potion of mutation]
 24894 | Swamp:1  | Gained mutation: You are somewhat resistant to further mutation. [potion of mutation]
 24894 | Swamp:1  | Gained mutation: You are agile. (Dex +2) [potion of mutation]
 24895 | Swamp:1  | Lost mutation: You are sometimes teleported next to monsters. [potion of mutation]
 24895 | Swamp:1  | Lost mutation: You are occasionally teleported next to monsters. [potion of mutation]
 24895 | Swamp:1  | Lost mutation: You are agile. (Dex +2) [potion of mutation]
 24895 | Swamp:1  | Lost mutation: You are partially covered in thin metallic scales. (AC +2) [potion of mutation]
 24895 | Swamp:1  | Gained mutation: Your flesh is cold resistant. (rC+) [potion of mutation]
 24895 | Swamp:1  | Gained mutation: You are frail. (-10% HP) [potion of mutation]
 24895 | Swamp:1  | Gained mutation: You have a pair of large horns on your head. [potion of mutation]
 24961 | Swamp:1  | Got a slimy plate armour
 24962 | Swamp:1  | Identified the +5 plate armour "Feigenu" {MR++} (You found it on level 1 of the Swamp)
 25203 | Swamp:1  | You fall through a shaft!
 25278 | Swamp:2  | Noticed Nikola
 25311 | Swamp:2  | Killed Nikola
 25311 | Swamp:2  | Reached skill level 18 in Fighting
 25671 | Swamp:2  | Noticed Jorgrun
 25680 | Swamp:2  | Killed Jorgrun
 26147 | Swamp:2  | Received a gift from Trog
 26389 | Swamp:2  | Reached skill level 19 in Fighting
 26764 | Swamp:4  | Entered Level 4 of the Swamp
 27278 | Swamp:4  | Received a gift from Trog
 27303 | Swamp:4  | Noticed a thorn hunter
 27324 | Swamp:4  | Killed a thorn hunter
 27905 | Swamp:3  | Reached skill level 20 in Fighting
 28145 | Swamp:4  | Got a translucent amber ring
 28146 | Swamp:4  | Identified the ring "Bucoiv" {rC- rN+++ Int+3 Slay+4} (You found it on level 4 of the Swamp)
 28194 | Swamp:4  | Reached skill level 5 in Dodging
 28411 | Swamp:4  | Reached XP level 17. HP: 116/153 MP: 13/16
 28465 | Swamp:4  | Noticed the 27-headed Lernaean hydra
 28477 | Swamp:4  | Killed the 22-headed Lernaean hydra
 28864 | Swamp:4  | Got a decaying rune of Zot
 29115 | Spider:1 | Entered Level 1 of the Spider Nest
 29169 | Spider:1 | HP: 7/153 [disintegration (25)]
 30038 | Spider:1 | Received a gift from Trog
 30453 | Spider:1 | Reached skill level 10 in Dodging
 31317 | Spider:4 | Entered Level 4 of the Spider Nest
 31395 | Spider:4 | Received a gift from Trog
 32443 | Spider:4 | Reached XP level 18. HP: 152/160 MP: 17/17
 32464 | Spider:4 | Got a gossamer rune of Zot
 32771 | Vaults:1 | Entered Level 1 of the Vaults
 32778 | Vaults:1 | Received a gift from Trog
 32870 | Vaults:1 | Reached skill level 15 in Dodging
 32874 | Vaults:1 | HP: 7/160 [vault warden/enchanted great mace (16)]
 33654 | Vaults:1 | Received a gift from Trog
 34569 | Vaults:3 | Reached skill level 21 in Fighting
 34888 | Vaults:4 | Received a gift from Trog
 34935 | Vaults:4 | Reached XP level 19. HP: 167/171 MP: 16/18
 35286 | Vaults:5 | Entered Level 5 of the Vaults
 35315 | Vaults:5 | Noticed a golden dragon
 36006 | Vaults:5 | Killed a golden dragon
 36006 | Vaults:5 | Reached skill level 22 in Fighting
 37025 | Vaults:5 | Noticed an ancient lich
 37034 | Vaults:5 | Killed from afar by an ancient lich

Skill      XL: |  1  2  3  4  5  6  7  8  9 10 11 12 13 14 15 16 17 18 19 |
---------------+----------------------------------------------------------+-----
Fighting       | 4 5 6 7 8 10 14 16 20 21 22 | 22.3
Maces & Flails | 4 5 6 7 9 10 12 14 | 14.0
Armour         | 4 7 10 13 17 19 20 21 | 21.5
Shields        | 4 |  4.2
Long Blades    | 12 16 | 16.0
Dodging        | 6 14 15 | 15.0

Action                   |  1- 3 |  4- 6 |  7- 9 | 10-12 | 13-15 | 16-18 | 19-21 || total
-------------------------+-------+-------+-------+-------+-------+-------+-------++-------
Melee: Mace              |    91 |   141 |   261 |   190 |       |       |       ||   683
       Headbutt          |    13 |    21 |    58 |   225 |   432 |   420 |    76 ||  1245
       Flail             |       |       |       |   674 |   832 |       |       ||  1506
       Whip              |       |       |       |    26 |       |       |       ||    26
       Double sword      |       |       |       |       |   628 |   202 |       ||   830
       Demon blade       |       |       |       |       |       |  1003 |   189 ||  1192
Invok: Berserk           |       |     3 |     6 |     2 |     7 |       |       ||    18
       Trog's Hand       |       |     1 |       |     3 |    10 |     5 |     1 ||    20
       Brothers in Arms  |       |       |       |       |     4 |     3 |     1 ||     8
  Use: Scroll            |       |       |     6 |    11 |    20 |    15 |       ||    52
       Potion            |       |       |       |       |    11 |     8 |       ||    19
  Eat: Chunk             |     1 |     7 |     8 |    21 |    35 |    17 |       ||    89
       Ration            |       |     1 |     2 |     1 |     7 |     5 |     2 ||    18
Armor: Animal skin       |    15 |     3 |       |       |       |       |       ||    18
       Leather armour    |       |     3 |       |       |       |       |       ||     3
       Ring mail         |       |    26 |     2 |       |       |       |       ||    28
       Chain mail        |       |       |   100 |    59 |   130 |    18 |       ||   307
       Plate armour      |       |       |       |   497 |   945 |   687 |   110 ||  2239
Dodge: Dodged            |    77 |    97 |   117 |   297 |   646 |   623 |   134 ||  1991
Block: Buckler           |       |       |       |    55 |   378 |   387 |    75 ||   895
       Reflection        |       |       |       |       |       |    21 |    20 ||    41
       Rpst.: Double sword |       |       |       |       |    65 |    11 |       ||    76
       Demon blade       |       |       |       |       |       |    93 |    28 ||   121
